 Dungeon Crawl Stone Soup version 0.22.0-21-g8bd1b0a (webtiles) character file.

575 AverageBear the Cutter (level 7, -1/40 HPs)
             Began as a Deep Elf Fighter on Aug 19, 2018.
             Slain by an ogre
             ... wielding a +0 giant club
              (17 damage)
             ... on level 4 of the Dungeon.
             The game lasted 00:05:49 (3300 turns).

AverageBear the Cutter (Deep Elf Fighter)           Turns: 3300, Time: 00:05:49

Health: -1/40      AC: 11    Str: 15    XL:     7   Next: 12%
Magic:  16/16      EV:  9    Int: 13    God:
Gold:   160        SH:  8    Dex: 14    Spells: 16/16 levels left

rFire    . . .     SeeInvis .   i - +1 dagger (venom)
rCold    . . .     Gourm    .   c - +0 shield
rNeg     . . .     Faith    .   b - +1 scale mail
rPois    .         Spirit   .   (no helmet)
rElec    .         Reflect  .   j - +0 cloak
rCorr    .         Harm     .   l - +2 pair of gloves
MR       .....                  (no boots)
Stlth    +.........             (no amulet)
HPRegen  0.13/turn              o - ring of stealth
MPRegen  0.15/turn              (no ring)

@: no status effects
A: no striking features
a: no special abilities


You were on level 4 of the Dungeon.
You were not hungry.

You visited 1 branch of the dungeon, and saw 4 of its levels.
You also visited: Sewer.

You collected 160 gold pieces.

Inventory:

Hand Weapons
 a - a +0 rapier
 i - a +1 dagger of venom (weapon)
Armour
 b - a +1 scale mail (worn)
 c - a +0 shield (worn)
 j - a +0 cloak (worn)
 l - a +2 pair of gloves (worn)
Jewellery
 o - a ring of stealth (left hand)
Scrolls
 e - a scroll of teleportation
 h - a scroll of remove curse
 m - a scroll of enchant weapon
 n - a scroll of fear
 p - 2 scrolls of magic mapping
Potions
 d - 2 potions of might
 k - a potion of brilliance
Comestibles
 f - 8 rations
 g - 5 chunks of flesh


   Skills:
 - Level 2.4 Fighting
 - Level 5.2 Short Blades
 - Level 2.4 Armour
 + Level 4.8 Dodging
 - Level 2.4 Shields
 - Level 5.0 Spellcasting


You had 16 spell levels left.
You didn't know any spells.
Your spell library contained the following spells:

 Spells                   Type           Power        Failure   Level  Hunger
 Magic Dart               Conj           #...         98%         1    None
 Blink                    Tloc           N/A          99%         2    ##.....
 Call Imp                 Summ           #.......     99%         2    ##.....
 Slow                     Hex            #.......     99%         2    ##.....
 Conjure Flame            Conj/Fire      #.......     100%        3    ###....
 Mephitic Cloud           Conj/Pois/Air  #.......     100%        3    ###....


Dungeon Overview and Level Annotations

Branches:
Dungeon (4/15)
 Temple: D:4-7

Altars:
Nemelex Xobeh


Message History

An ogre is nearby!
Found an escape hatch in the floor.
An ogre is nearby!
You block the ogre's attack.
An ogre is nearby!
You hit the ogre but do no damage.
The ogre is poisoned.
The ogre hits you with a giant club!!
Ouch! That really hurt!
You are too injured to fight recklessly!
You are too injured to fight recklessly!
You are too injured to fight recklessly!
You are too injured to fight recklessly!
You are too injured to fight recklessly!
You are too injured to fight recklessly!
There is an open door here.
The ogre looks more healthy.
You hit the ogre but do no damage.
The ogre is poisoned.
The ogre is moderately wounded.
The ogre hits you with a giant club!
You die...

..............................
............).................
#####.........................
.........................รท..
###.........................
>'.........#####.##........
###.........# #.##.......(
#........O# #.##........
#........@#####.#####.....
#.........##....# ######
...........)....#
###########...## ........[)..+
#########...##### #........
#...#####. #.........


You could see an ogre.

Vanquished Creatures
  2 bullfrogs (Sewer)
  A hound (D:4)
  4 orc priests
  An iguana (D:4)
  An orc wizard (D:4)
  10 adders
  7 oozes
  4 worms
  2 dart slugs (D:1)
  11 leopard geckos
  6 orcs
  10 giant cockroaches
  7 goblins
  2 hobgoblins
  8 jackals
  11 ball pythons (Sewer)
  8 frilled lizards
  8 kobolds
  5 rats
108 creatures vanquished.

Notes
Turn   | Place    | Note
-------+----------+-------------------------------------------
     0 | D:1      | AverageBear the Deep Elf Fighter began the quest for the Orb.
     0 | D:1      | Reached XP level 1. HP: 13/13 MP: 3/3
   354 | D:1      | Reached XP level 2. HP: 12/18 MP: 4/4
  1423 | D:3      | Reached XP level 3. HP: 20/22 MP: 5/5
  1632 | D:3      | Reached XP level 4. HP: 19/27 MP: 6/6
  1642 | D:3      | Reached skill level 5 in Short Blades
  1803 | D:3      | Reached XP level 5. HP: 17/31 MP: 7/7
  1818 | D:3      | Found a glowing drain.
  1822 | Sewer    | Entered a sewer
  1989 | Sewer    | Reached skill level 1 in Spellcasting
  2421 | Sewer    | Reached skill level 5 in Spellcasting
  2421 | Sewer    | Reached XP level 6. HP: 24/36 MP: 13/15
  2842 | D:3      | Found a sparkling altar of Nemelex Xobeh.
  3022 | D:4      | Reached XP level 7. HP: 11/40 MP: 16/16
  3300 | D:4      | Slain by an ogre

Skill      XL: |  1  2  3  4  5  6 |
---------------+-------------------+-----
Short Blades   | 3 4 5 |  5.2
Spellcasting   | 5 |  5.0
Dodging        | 4 |  4.8
Fighting       | |  2.4
Armour         | |  2.4
Shields        | |  2.4

Action                   |  1- 3 |  4- 6 |  7- 9 || total
-------------------------+-------+-------+-------++-------
Melee: Rapier            |    41 |       |       ||    41
       Dagger            |    66 |   293 |    26 ||   385
  Use: Scroll            |     8 |     2 |       ||    10
       Potion            |     4 |       |       ||     4
  Eat: Chunk             |     2 |     5 |     1 ||     8
Armor: Scale mail        |    41 |   149 |     5 ||   195
Dodge: Dodged            |    25 |    63 |     2 ||    90
Block: Shield            |    52 |   125 |    11 ||   188
